AoeStats
← HR Pinkman

Runestones

507239286Analyzed
1v1 RM · 14d ago on Sep 17, 2026· 30m 30s· 2 players
Game mode
Random Map
Map size
Tiny (2 player)
Population
200
Speed
Normal
Resources
Standard
Victory
Conquest
Starting age
Dark Age
Ending age
Imperial Age
RankedLock teamsTeams togetherTeam positionsShared explorationLock speedFull tech treeHidden civsTurbo modeCheats
Victory
Defeat
🇩🇪 Romans · Germany
2269
+11
🇨🇱 Khmer · Chile
2157
-11
NOC | Mati
7:21 Loom
9:39 Feudal Age
10:17 Man-at-Arms
13:01 Fletching
14:09 Scale Mail Armor
20:23 Castle Age
18:04 Horse Collar
18:29 Double-Bit Axe
20:10 Forging
20:28 Long Swordsman
22:36 Squires
23:21 Chain Mail Armor
26:00 Iron Casting
31:35 Wheelbarrow
HR Pinkman
6:20 Loom
8:49 Feudal Age
9:18 Double-Bit Axe
14:29 Fletching
22:50 Castle Age
22:36 Bloodlines
22:27 Padded Archer Armor
24:43 Bodkin Arrow
Connection lost

Rejoining the realm…

Still unreachable

The connection could not be restored.

Session expired

The server has moved on; the page needs a fresh start.